 Dungeon Crawl Stone Soup version 0.20.1-1-g8b1a95d (webtiles) character file.

103 equalderp2856 the Shield-Bearer (level 4, -1/40 HPs)
             Began as a Minotaur Fighter on Oct 21, 2017.
             Slain by Grinder (6 damage)
             ... while paralysed by Grinder
             ... on level 3 of the Dungeon.
             The game lasted 00:01:46 (1775 turns).

equalderp2856 the Shield-Bearer (Minotaur Fighter)  Turns: 1775, Time: 00:01:47

Health: -1/40      AC:  7    Str: 20    XL:     4   Next: 51%
Magic:  3/3        EV:  2    Int:  5    God:
Gold:   85         SH:  0    Dex: 11    Spells: 3/3 levels left

rFire    . . .     SeeInvis .   a - +0 war axe
rCold    . . .     Gourm    .   c - +0 shield
rNeg     . . .     Faith    .   b - +0 scale mail
rPois    .         Spirit   .   (helmet restricted)
rElec    .         Reflect  .   (no cloak)
rCorr    .         Harm     .   (no gloves)
MR       .....                  (no boots)
Stlth    ..........             (no amulet)
Regen    0.2/turn               (no ring)
MPRegen  0.1/turn               (no ring)

@: paralysed
A: retaliatory headbutt, horns 2
a: no special abilities


You were on level 3 of the Dungeon.
You were not hungry.

You visited 1 branch of the dungeon, and saw 3 of its levels.

You collected 85 gold pieces.

Inventory:

Hand Weapons
 a - a +0 war axe (weapon)
Armour
 b - a +0 scale mail (worn)
 c - a +0 shield (worn)
Scrolls
 e - a scroll of amnesia {unknown}
 j - 4 scrolls of teleportation {unknown}
 n - a scroll of enchant weapon {unknown}
Potions
 d - 3 potions of might
 h - a potion of berserk rage {unknown}
 i - 4 potions of curing {unknown}
 k - a potion of heal wounds {unknown}
 l - a potion of mutation {unknown}
Comestibles
 f - 3 bread rations
 g - 8 fruits
 m - a royal jelly


   Skills:
 + Level 4.3 Fighting
 + Level 3.3 Axes
 + Level 4.4 Armour
 + Level 1.0 Dodging
 + Level 4.6 Shields


You had 3 spell levels left.
You didn't know any spells.

Dungeon Overview and Level Annotations

Branches:
Dungeon (3/15)

Altars:

Annotations:
D:3 Grinder


Innate Abilities, Weirdness & Mutations

You reflexively headbutt those who attack you in melee.
You have a pair of horns on your head.


Message History

Grinder hits you but does no damage. You block Grinder's attack.
You closely miss Grinder.
Grinder is heavily wounded.
You block Grinder's attack.
You barely miss Grinder.
Grinder is heavily wounded.
You block Grinder's attack. Grinder hits you but does no damage.
You closely miss Grinder.
Grinder is heavily wounded.
You block Grinder's attack.
You hit Grinder.
Grinder is severely wounded.
Grinder barely misses you.
You slash Grinder!
Grinder is almost dead.
Grinder gestures at you.
You suddenly lose the ability to move!
Grinder hits you.
* * * LOW HITPOINT WARNING * * *
You writhe in agony.
You die...

### ##### ..#
....# #.#
#..###.#######
##...@5.#.....#
#..............
#..........?....
#...............
#...............
#...............
#............>..
#...............
##..............


You could see Grinder.

Vanquished Creatures
  An orc priest (D:2)
  2 adders (D:2)
  A worm (D:2)
  3 dart slugs (D:2)
  3 leopard geckos (D:1)
  3 orcs (D:2)
  A ball python (D:1)
  3 giant cockroaches (D:1)
  5 goblins
  4 hobgoblins (D:1)
  7 bats
  2 frilled lizards
  A kobold (D:2)
  6 rats
42 creatures vanquished.

Notes
Turn   | Place    | Note
-------+----------+-------------------------------------------
     0 | D:1      | equalderp2856 the Minotaur Fighter began the quest for the Orb.
     0 | D:1      | Reached XP level 1. HP: 19/19 MP: 0/0
   103 | D:1      | Reached XP level 2. HP: 24/27 MP: 1/1
   651 | D:1      | Reached XP level 3. HP: 33/33 MP: 2/2
  1125 | D:2      | Found a faded altar of an unknown god.
  1367 | D:2      | Reached skill level 1 in Dodging
  1388 | D:2      | Reached XP level 4. HP: 40/40 MP: 3/3
  1451 | D:3      | Noticed Grinder
  1764 | D:3      | Paralysed by Grinder for 5 turns
  1775 | D:3      | Paralysed by Grinder for 6 turns
  1775 | D:3      | Slain by Grinder

Skill      XL: |  1  2  3 |
---------------+----------+-----
Shields        | 4 |  4.6
Fighting       | 4 |  4.3
Armour         | 4 |  4.4
Axes           | 3 |  3.3
Dodging        | 1 |  1.0

Action                   |  1- 3 |  4- 6 || total
-------------------------+-------+-------++-------
Melee: War axe           |    92 |    24 ||   116
       Headbutt          |     8 |     5 ||    13
  Eat: Chunk             |     1 |     2 ||     3
Armor: Scale mail        |    51 |     7 ||    58
Dodge: Dodged            |    43 |     5 ||    48
Block: Shield            |    61 |    15 ||    76
